cohdb
Replays
Latest Replays
All Replays
Popular Replays
Top Player Replays
Match Explorer
How It Works
Community
CoH3 Stats
Reddit
Sign in to upload your games and track your stats! →
Sign in with Steam
Match 42810806
Unlisted
Match 42810806
Overview
Messages
Build Orders
End
Selects Armored Battlegroup
Selects Assault Engineers
Assault Engineer Squad
Construct Barracks
1⁄4-ton 4x4 Truck
Assault Engineer Squad
Riflemen Squad
Riflemen Squad
Grenade Package
Infantry Support Center
Construct Motor Pool
M8 Greyhound Armored Car
M8 Greyhound Armored Car
Selects Strength in Steel
Selects M8 Scott SPG
M8 Scott SPG
M1 Anti-tank Gun Team
M1 Anti-tank Gun Team
Selects UNKNOWN (2160077)
Construct Tank Depot
Selects M31 Recovery Vehicle
Selects War Machine
M4A3E8 Sherman Easy Eight
M4A3E8 Sherman Easy Eight
Assault Engineer Squad
SMOKO
FeriG
K̳itsuné
BlueSkidrow™
0
0
Comments
sign in to comment!
No comments posted yet!